 Dungeon Sprint DCSS version 0.31.0-11-ge490571c62 (webtiles) character file.

Game seed: 13904214910062049660

484125 SmokeWeed the Conqueror (level 20, -3/177 (194) HPs)
             Began as a Minotaur Fighter on Feb 3, 2024.
             Was a High Priest of Okawaru.
             Slain by an Executioner (4 damage)
             ... summoned by Gloorx Vloq
             ... in the Dungeon (Sprint IX: "|||||||||||||||||||||||||||||").
             The game lasted 01:49:28 (12142 turns).

SmokeWeed the Conqueror (Minotaur Fighter)         Turns: 12142, Time: 01:49:30

HP:   -3/177 (194)  AC: 33    Str: 32    XL:     20   Next: 68%
MP:   37/37         EV: 39    Int:  5    God:    Okawaru [*****.]
Gold: 741           SH: 30    Dex: 35    Spells: 44/47 levels left

rFire   + + .        p - +7 hand cannon "Mule" {flame, backblast, rF+}
rCold   + . .        A - +3 kite shield of the Hidden Vale {+Inv rC+ Dex+3}
rNeg    . . .        N - +3 storm dragon scales of Fanaticism {Rampage rElec Dex+3}
rPois   .            w - +0 hat of Nuuhucvi {Regen+}
rElec   +            l - +2 cloak
rCorr   .            z - +0 pair of gloves of Ahelobb {rF+ Will+++ SInv}
SInv    +            y - +0 pair of boots {Fly}
Will    ++++.        o - amulet of Mydol {Reflect Str+3 Dex+3 SH+5}
Stlth   ++++         V - +6 ring of dexterity
HPRegen 1.29/turn    a - ring "Camadin" {Str+6 Dex+3}
MPRegen 0.25/turn

%: no teleportation, reflection, rampage
@: mighty, lethally poisoned (-3 -> -13), finesse-ful, flying, very slightly
contaminated, slowed, drained, invisible, very slow
A: horns 2, retaliatory headbutt, frail 1, inability to read after injury 1
}: 9/17 runes: decaying, serpentine, barnacled, slimy, elven, silver, golden,
abyssal, gossamer
a: Renounce Religion, Evoke Invisibility, Heroism, Finesse


You were in the Dungeon.
You worshipped Okawaru.
Okawaru was extremely pleased with you.
You visited 1 branch You collected 1983 gold pieces.
You spent 1242 gold pieces at shops.

Inventory:

Hand Weapons
 p - the +7 hand cannon "Mule" (weapon) {flame, backblast, rF+}
   (Okawaru gifted it to you in the Dungeon)

   rF+:       It protects you from fire.
 t - a +6 double sword of holy wrath
 L - the +3 greatsling "Punk" {acid, rCorr}
   (You found it in the Dungeon)

   rCorr:     It protects you from acid and corrosion.
 S - a +1 falchion of flaming
 Y - the +1 double sword "Soatuv" {vamp, +Blink rC+++ Will+ Stlth+}
   (You found it in the Dungeon)

   rC+++:     It renders you almost immune to cold.
   Will+:     It increases your willpower.
   +Blink:    It lets you blink.
   Stlth+:    It makes you more stealthy.
 Z - the +0 triple sword of the Head {freeze, rElec rC+ Str+4 Stlth-}
   (You found it in the Dungeon)

   Str+4:     It affects your strength (+4).
   rC+:       It protects you from cold.
   rElec:     It insulates you from electricity.
   Stlth-:    It makes you less stealthy.
Missiles
 b - 10 atropa-tipped darts
 d - 6 datura-tipped darts
 s - 13 boomerangs
 v - 4 curare-tipped darts
 x - a throwing net
 C - 4 javelins
Armour
 c - a +7 plate armour of fire resistance
 l - a +2 cloak (worn)
 u - a +3 tower shield
 w - the +0 hat of Nuuhucvi (worn) {Regen+}
   (You found it in the Dungeon)

   Regen+:    It increases your rate of health regeneration.
 y - a +0 pair of boots of flying (worn)
 z - the +0 pair of gloves of Ahelobb (worn) {rF+ Will+++ SInv}
   (You found it in the Dungeon)

   rF+:       It protects you from fire.
   Will+++:   It greatly increases your willpower.
   SInv:      It lets you see invisible.
 A - the +3 kite shield of the Hidden Vale (worn) {+Inv rC+ Dex+3}
   (Okawaru gifted it to you in the Dungeon)

   Dex+3:     It affects your dexterity (+3).
   rC+:       It protects you from cold.
   +Inv:      It lets you turn invisible.
 B - +4 swamp dragon scales
 F - a +2 pair of gloves
 N - the +3 storm dragon scales of Fanaticism (worn) {Rampage rElec Dex+3}
   (You found it in the Dungeon)

   Dex+3:     It affects your dexterity (+3).
   rElec:     It insulates you from electricity.
   Rampage:   It bestows one free step when moving towards enemies.
Jewellery
 a - the ring "Camadin" (right hand) {Str+6 Dex+3}
   (You found it in the Dungeon)

   [ring of dexterity]

   Str+6:     It affects your strength (+6).
   Dex+3:     It affects your dexterity (+3).
 o - the amulet of Mydol (around neck) {Reflect Str+3 Dex+3 SH+5}
   (You found it in the Dungeon)

   [amulet of reflection]

   Reflect:   It reflects blocked missile attacks.
   Str+3:     It affects your strength (+3).
   Dex+3:     It affects your dexterity (+3).
   SH+5:      It affects your SH (+5).
 I - a ring of willpower
 J - a ring of see invisible
 V - a +6 ring of dexterity (left hand)
 W - a +4 ring of evasion
Talismans
 K - a talisman of death
Wands
 n - a wand of polymorph (12)
Scrolls
 i - 9 scrolls of fog
 r - 9 scrolls of identify
 G - 2 scrolls of immolation
 H - a scroll of poison
 Q - 5 scrolls of fear
Potions
 e - 6 potions of curing
 g - 8 potions of might
 h - 9 potions of magic
 k - 5 potions of haste
 m - 2 potions of mutation
 P - 3 potions of berserk rage


   Skills:
 O Level 27 Fighting
 * Level 24.9 Long Blades
 O Level 27 Ranged Weapons
 O Level 27 Throwing
 O Level 27 Armour
 * Level 25.6 Dodging
 + Level 13.0 Stealth
 O Level 27 Shields
 + Level 14.3 Spellcasting
 + Level 13.2 Air Magic
 O Level 27 Invocations
 + Level 20.0 Evocations
 + Level 20.7 Shapeshifting


You had 44 spell levels left.
You knew the following spells:

 Your Spells              Type           Power      Damage    Failure   Level
a - Swiftness             Air            16%        N/A       1%          3

Your spell library contained the following spells:

 Spells                   Type           Power      Damage    Failure   Level
 Shock                    Conj/Air       40%        1d5       1%          1
 Airstrike                Air            8%         2d(2-18)  1%          4
 Stone Arrow              Conj/Erth      6%         3d7       56%         3
 Lee's Rapid Deconstruct  Erth           1%         3d4*      100%        5
 Lehudib's Crystal Spear  Conj/Erth      1%         10d2      100%        8
 Animate Armour           Summ/Erth      Unusable   N/A       N/A         4

Dungeon Overview and Level Annotations

Branches:
Dungeon (1/1)

Altars:
Cheibriados
Dithmenos
Elyvilon
Fedhas
Gozag
Hepliaklqana
Kikubaaqudgha
Makhleb
Nemelex Xobeh
Okawaru
Qazlal
Ru
Sif Muna
Trog
Uskayaw
Vehumet
Wu Jian
Xom
Yredelemnul
Zin
The Shining One
Jiyva
Lugonu

Shops:
D ?([!

Annotations:
D Gloorx Vloq


Innate Abilities, Weirdness & Mutations

You have a pair of horns on your head.
You reflexively headbutt those who attack you in melee.
You are frail. (-10% HP)
You occasionally lose the ability to read scrolls when taking damage.


Message History

The Executioner barely misses you. You furiously retaliate!
You headbutt the Executioner! You block the Executioner's attack. x2
Gloorx Vloq gestures at you. The foul vapour misses you.
You block the Executioner's attack.
The Executioner hits you but does no damage.
The Executioner barely misses you. Gloorx Vloq closely misses you.
The Executioner hits you but does no damage.
The Executioner closely misses you.
The Executioner hits you but does no damage.
Gloorx Vloq hits you.
* * * LOW HITPOINT WARNING * * *
The Executioner closely misses you.
The Executioner hits you but does no damage.
The Executioner completely misses you.
Okay, then.
You shoot a bolt. The bolt closely misses Gloorx Vloq.
The bolt hits the Executioner!!
The bolt burns the Executioner.
The Executioner is heavily wounded.
You are engulfed in dark miasma.
You are lethally poisoned!
* * * LOW HITPOINT WARNING * * *
x2 You feel extremely sick.
You block the Executioner's attack. x3; Gloorx Vloq completely misses you.
The Executioner completely misses you. The Executioner hits you.
* * * LOW HITPOINT WARNING * * *
The Executioner hits you.
* * * LOW HITPOINT WARNING * * *
Gloorx Vloq gestures at you. The poison arrow misses you.
The poison arrow hits the Executioner!!
The Executioner partially resists.
The Executioner is poisoned.
The Executioner completely misses you. You furiously retaliate!
You headbutt the Executioner! The Executioner completely misses you.
The Executioner hits you but does no damage.
You feel better.
You are engulfed in dark miasma.
You are poisoned.
You feel as though you will be slow longer.
* * * LOW HITPOINT WARNING * * *
x2 You feel extremely sick.
You block the Executioner's attack. x2; The Executioner hits you.
You die...

▓.▓.▓.▓.♣.♣.▓.▓.▓.
▓.▓.▓.▓.♣)♣.▓.▓.▓.
▓.▓.▓.▓.♣.♣.▓.▓.▓.
▓.▓.▓.▓.♣.♣.▓.▓.▓)
▓°▓.▓.▓.♣.♣.▓.▓.▓.
▓°▓.▓.▓.♣.♣.▓.▓.▓)
▓°▓.▓.▓.▓'▓.▓.▓.▓)
▓1▓.▓.▓.▓)▓.▓.▓.▓.
▓@▓.▓'▓.▓)▓.▓'▓.▓.
▓&▓.▓.▓.▓.▓.▓.▓.▓)
▓1▓.▓.▓.▓)▓.▓'▓.▓.
▓1▓.▓.▓.▓)▓.▓.▓.▓.
▓°▓.▓.▓.▓)▓.▓'▓.▓.
▓°▓.▓.▓.▓.▓.▓.▓.▓)
▓.▓.▓.▓.▓.▓.▓'▓.▓)
▓.▓.▓.▓.▓)▓.▓.▓.▓)
▓.▓.▓.▓.▓)▓.▓.▓.▓)


You could see Gloorx Vloq and 3 Executioners.

Vanquished Creatures
  Cerebov (D)
  Antaeus (D)
  the Royal Jelly (D)
  Ereshkigal (D)
  Mnoleg (D)
  5 orbs of fire (D)
  5 ancient liches (D)
  A juggernaut (D)
  Sojobo (D)
  6 royal mummies (D)
  Boris (D)
  Saint Roka (D)
  2 curse toes (D)
  Margery (D)
  Nikola (D)
  Geryon (D)
  Jory (D)
  3 golden dragons (D)
  A lich (D)
  2 electric golems (D)
  5 tentacled monstrosities (D)
  29 Orb Guardians (D)
  A titan (D)
  A searing wretch (D)
  2 deep elf master archers (D)
  A quicksilver dragon (D)
  4 deep elf blademasters (D)
  A tentacled starspawn (D)
  13 sphinxes (D)
  3 death cobs (D)
  11 acid blobs (D)
  2 tengu reavers (D)
  3 storm dragons (D)
  Donald (D)
  Kirke (D)
  Agnes (D)
  7 shadow dragons (D)
  4 nagarajas (D)
  A draconian knight (D)
  3 azure jellies (D)
  2 fenstrider witches (D)
  A draconian monk (D)
  10 rockslimes (D)
  3 ghost moths (D)
  6 vault wardens (D)
  A draconian shifter (D)
  A deep elf sorcerer (D)
  5 draconian scorchers (D)
  4 fire giants (D)
  6 emperor scorpions (D)
  2 frost giants (D)
  3 draconian annihilators (D)
  4 ironbound preservers (D)
  5 quicksilver oozes (D)
  A draconian stormcaller (D)
  4 very ugly things (D)
  A deep elf annihilator (D)
  2 ironbound thunderhulks (D)
  3 stone giants (D)
  2 deep elf demonologists (D)
  An eleionoma (D)
  9 vampire knights (D)
  3 black draconians (D)
  4 green draconians (D)
  3 deep elf death magi (D)
  5 red draconians (D)
  5 yellow draconians (D)
  2 white draconians (D)
  Snorg (D)
  5 merfolk javelineers (D)
  6 fire dragons (D)
  4 merfolk impalers (D)
  Josephine (D)
  7 mummy priests (D)
  3 yaktaur captains (D)
  An entropy weaver (D)
  2 deep elf high priests (D)
  25 vault guards (D)
  2 ice dragons (D)
  9 hydras (D)
  7 ogre magi (D)
  Erolcha (D)
  A great orb of eyes (D)
  A spriggan air mage (D)
  A peacekeeper (D)
  A catoblepas (D)
  2 ironbound frosthearts (D)
  An alligator snapping turtle (D)
  A centaur warrior (D)
  A merfolk aquamancer (D)
  An alligator (D)
  2 naga warriors (D)
  3 death yaks (D)
  3 demonic crawlers (D)
  2 boulder beetles (D)
  A deep troll shaman (D)
  2 tengu warriors (D)
  2 two-headed ogres (D)
  A spriggan berserker (D)
  2 deep troll earth magi (D)
  A vampire mage (D)
  4 hell knights (D)
  Sonja (D)
  An iron troll (D)
  Nergalle (D)
  2 deep trolls (D)
  2 glowing orange brains (D)
  A sea snake (D)
  A flayed ghost (D)
  An arcanist (D)
  2 naga ritualists (D)
  3 orc knights (D)
  An ugly thing (D)
  2 necromancers (D)
  4 ironbound convokers (D)
  5 swamp dragons (D)
  A steelbarb worm (D)
  A deep elf pyromancer (D)
  3 wolf spiders (D)
  2 orc sorcerers (D)
  2 cyclopes (D)
  A manticore (D)
  9 moths of wrath (D)
  A will-o-the-wisp (D)
  3 guardian serpents (D)
  3 vault sentinels (D)
  4 naga magi (D)
  4 black mambas (D)
  A gargoyle (D)
  A torpor snail (D)
  2 cane toads (D)
  An unseen horror (D)
  A rime drake (D)
  3 komodo dragons (D)
  A yaktaur (D)
  A tengu conjurer (D)
  A wandering mushroom (D)
  15 guardian mummies (D)
  4 merfolk (D)
  A polar bear (D)
  10 trolls (D)
  A tyrant leech (D)
  2 hornets (D)
  A snapping turtle (D)
  A snapping turtle (shapeshifter) (D)
  A slime creature (D)
  A slime creature (shapeshifter) (D)
  A wyvern (D)
  5 wraiths (D)
  A vampire (D)
  13 spriggans (D)
  A water elemental (D)
  3 golden eyes (D)
  A neqoxec (D)
  Grum (D)
  A basilisk (D)
  6 yaks (D)
  3 hogs (D)
  2 redbacks (D)
  4 nagas (D)
  2 acid dragons (D)
  3 water moccasins (D)
  12 orc warriors (D)
  2 swamp drakes (D)
  2 black bears (D)
  5 wolves (D)
  A brain worm (D)
  A bullfrog (D)
  2 small abominations (D)
  3 orc priests (D)
  A hell rat (D)
  4 orc wizards (D)
  An adder (D)
  A white imp (D)
  An ufetubus (D)
  11 orcs (D)
  A jackal (D)
  A kobold (D)
  A ball python (D)
  A frilled lizard (D)
  A goblin (D)
  2 fire vortices (D)
  A lurking horror (D)
548 creatures vanquished.

Vanquished Creatures (others)
  Ilsuiw (D)
  A draconian knight (D)
2 creatures vanquished.

Grand Total: 550 creatures vanquished

Notes
Turn   | Place    | Note
-------+----------+-------------------------------------------
     0 | D        | SmokeWeed the Minotaur Fighter began the quest for the Orb.
     0 | D        | Reached XP level 1. HP: 19/19 MP: 0/0
    21 | D        | Noticed a black bear
    23 | D        | Banished a spatial maelstrom
    32 | D        | Killed a black bear
    33 | D        | Reached skill level 10 in Long Blades
    33 | D        | Reached XP level 2. HP: 27/27 MP: 1/1
    33 | D        | Reached XP level 3. HP: 33/33 MP: 2/2
    33 | D        | Reached XP level 4. HP: 40/40 MP: 3/3
    50 | D        | Found a snail-covered altar of Cheibriados.
    50 | D        | Found a shadowy altar of Dithmenos.
    50 | D        | Found a white marble altar of Elyvilon.
    50 | D        | Found a blossoming altar of Fedhas.
    50 | D        | Found an opulent altar of Gozag.
    51 | D        | Found a hazy altar of Hepliaklqana.
    52 | D        | Found a viscous altar of Jiyva.
    53 | D        | Found an ancient bone altar of Kikubaaqudgha.
    54 | D        | Found a corrupted altar of Lugonu.
    55 | D        | Found a burning altar of Makhleb.
    56 | D        | Found a sparkling altar of Nemelex Xobeh.
    57 | D        | Found an iron altar of Okawaru.
    58 | D        | Found a stormy altar of Qazlal.
    59 | D        | Found a sacrificial altar of Ru.
    60 | D        | Found a shimmering blue altar of Sif Muna.
    61 | D        | Found a bloodstained altar of Trog.
    62 | D        | Found a hide-covered altar of Uskayaw.
    63 | D        | Found a radiant altar of Vehumet.
    64 | D        | Found an ornate altar of the Wu Jian Council.
    65 | D        | Found a shimmering altar of Xom.
    67 | D        | Became a worshipper of Warmaster Okawaru
    69 | D        | Found a basalt altar of Yredelemnul.
    70 | D        | Found a glowing silver altar of Zin.
    71 | D        | Found a glowing golden altar of the Shining One.
   118 | D        | Noticed a vampire
   118 | D        | Noticed a troll
   118 | D        | Noticed a gargoyle
   118 | D        | Noticed a wyvern
   118 | D        | Noticed a two-headed ogre
   126 | D        | Killed a vampire
   126 | D        | Reached * piety under Okawaru
   127 | D        | Reached XP level 5. HP: 35/46 MP: 4/4
   132 | D        | Killed a troll
   132 | D        | Reached ** piety under Okawaru
   133 | D        | Reached skill level 10 in Fighting
   133 | D        | Reached XP level 6. HP: 53/67 MP: 5/5
   136 | D        | Reached skill level 5 in Armour
   143 | D        | Killed a gargoyle
   144 | D        | Reached skill level 10 in Armour
   144 | D        | Reached XP level 7. HP: 49/73 MP: 6/6
   148 | D        | Killed a wyvern
   158 | D        | Killed a two-headed ogre
   158 | D        | Reached *** piety under Okawaru
   158 | D        | Reached **** piety under Okawaru
   159 | D        | Reached skill level 10 in Dodging
   159 | D        | Reached XP level 8. HP: 41/80 MP: 7/7
   162 | D        | Noticed a six-headed hydra
   162 | D        | Noticed a troll
   162 | D        | Noticed a centaur warrior
   162 | D        | Noticed a slime creature
   162 | D        | Noticed a two-headed ogre
   169 | D        | Killed a nine-headed hydra
   169 | D        | Reached ***** piety under Okawaru
   170 | D        | Reached skill level 5 in Shields
   170 | D        | Reached XP level 9. HP: 86/86 MP: 8/8
   170 | D        | Killed a troll
   175 | D        | Killed a centaur warrior
   176 | D        | Reached skill level 15 in Long Blades
   176 | D        | Reached skill level 1 in Evocations
   180 | D        | Killed an unseen horror
   180 | D        | Received a gift from Okawaru
   192 | D        | Killed a two-headed ogre
   457 | D        | Noticed a cane toad
   457 | D        | Noticed a komodo dragon
   466 | D        | Noticed a rime drake
   469 | D        | Killed a cane toad
   470 | D        | Reached skill level 5 in Stealth
   470 | D        | Reached XP level 10. HP: 85/99 MP: 1/9
   487 | D        | Reached skill level 5 in Invocations
   490 | D        | Received a gift from Okawaru
   714 | D        | Noticed a cane toad
   715 | D        | Noticed a black mamba
   735 | D        | Killed a cane toad
   736 | D        | Reached skill level 5 in Evocations
   742 | D        | Killed a black mamba
  1079 | D        | Noticed a death yak
  1079 | D        | Noticed a death yak
  1083 | D        | Noticed a death yak
  1096 | D        | Killed a death yak
  1103 | D        | Killed a death yak
  1103 | D        | Received a gift from Okawaru
  1104 | D        | Reached XP level 11. HP: 100/106 MP: 8/16
  1121 | D        | Killed a death yak
  1125 | D        | Reached skill level 1 in Throwing
  1133 | D        | Noticed a catoblepas
  1145 | D        | Killed a catoblepas
  1486 | D        | Noticed Sonja
  1491 | D        | Killed Sonja
  1504 | D        | Noticed Josephine
  1520 | D        | Killed Josephine
  1520 | D        | Received a gift from Okawaru
  1608 | D        | Noticed an orc knight
  1635 | D        | Killed an orc knight
  1636 | D        | Reached skill level 5 in Throwing
  1829 | D        | Noticed an orc sorcerer
  1837 | D        | Paralysed by an orc sorcerer for 5 turns
  1838 | D        | Noticed an orc knight
  1847 | D        | Killed an orc sorcerer
  1859 | D        | Killed an orc knight
  1933 | D        | Found Inuaheon's Magic Scroll Emporium.
  1933 | D        | Noticed an iron troll
  1933 | D        | Noticed an ogre mage
  1933 | D        | Noticed a deep troll
  1945 | D        | Noticed an ogre mage
  1955 | D        | Killed an iron troll
  1956 | D        | Reached skill level 10 in Throwing
  1963 | D        | Killed an ogre mage
  1971 | D        | Noticed an ogre mage
  1977 | D        | Killed a deep troll
  1978 | D        | Reached XP level 12. HP: 69/118 MP: 12/17
  1982 | D        | Received a gift from Okawaru
  1991 | D        | Killed an ogre mage
  1992 | D        | Found Guonu's Weapon Shoppe.
  2017 | D        | Killed an ogre mage
  2018 | D        | Found Oxeuf's Antique Armour Emporium.
  2023 | D        | Found Fusudgh's Distillery.
  2326 | D        | Bought a potion of haste for 130 gold pieces
  2326 | D        | Bought a potion of might for 52 gold pieces
  2326 | D        | Bought a potion of might for 52 gold pieces
  2326 | D        | Bought a potion of might for 52 gold pieces
  2326 | D        | Bought a potion of heal wounds for 65 gold pieces
  2326 | D        | Bought a potion of curing for 39 gold pieces
  2343 | D        | Bought a shiny ring mail for 189 gold pieces
  2343 | D        | Bought an embroidered scarf for 216 gold pieces
  2347 | D        | Bought a scroll of enchant weapon for 97 gold pieces
  2347 | D        | Bought a scroll of enchant armour for 97 gold pieces
  2347 | D        | Bought a scroll of blinking for 97 gold pieces
  2347 | D        | Bought a scroll of immolation for 52 gold pieces
  2347 | D        | Bought a scroll of poison for 52 gold pieces
  2347 | D        | Bought a scroll of immolation for 52 gold pieces
  2415 | D        | Noticed Erolcha
  2430 | D        | Killed Erolcha
  2501 | D        | Found the +3 greatsling "Punk" {acid, rCorr}
  2580 | D        | Noticed an ogre mage
  2580 | D        | Noticed an ogre mage
  2580 | D        | Noticed a four-headed hydra
  2586 | D        | Reached skill level 5 in Ranged Weapons
  2588 | D        | Noticed a tengu warrior
  2595 | D        | Noticed a boulder beetle
  2598 | D        | Killed an ogre mage
  2599 | D        | Killed an ogre mage
  2604 | D        | Killed a four-headed hydra
  2605 | D        | Reached skill level 10 in Ranged Weapons
  2607 | D        | Noticed an ice dragon
  2612 | D        | Noticed a spriggan air mage
  2613 | D        | Noticed a fire giant
  2616 | D        | Killed a tengu warrior
  2616 | D        | Received a gift from Okawaru
  2620 | D        | Noticed a stone giant
  2626 | D        | Noticed a deep troll shaman
  2627 | D        | Killed an ice dragon
  2645 | D        | Killed a spriggan air mage
  2649 | D        | Killed a fire giant
  2660 | D        | Killed a boulder beetle
  2664 | D        | Killed a stone giant
  2666 | D        | Killed a deep troll shaman
  2667 | D        | Reached XP level 13. HP: 36/125 MP: 12/19
  3003 | D        | Noticed Nergalle
  3014 | D        | Killed Nergalle
  3058 | D        | Noticed a merfolk impaler
  3064 | D        | Killed a merfolk impaler
  3065 | D        | Reached skill level 15 in Fighting
  3065 | D        | Reached skill level 15 in Ranged Weapons
  3065 | D        | Reached skill level 15 in Throwing
  3343 | D        | Reached skill level 15 in Armour
  3349 | D        | Reached skill level 10 in Invocations
  3384 | D        | Noticed a fenstrider witch
  3384 | D        | Noticed a fenstrider witch
  3404 | D        | Killed a fenstrider witch
  3404 | D        | Received a gift from Okawaru
  3406 | D        | Noticed an eleionoma
  3413 | D        | Killed a fenstrider witch
  3435 | D        | Killed an eleionoma
  3735 | D        | Received a gift from Okawaru
  3772 | D        | Noticed Grum
  3776 | D        | Killed Grum
  3807 | D        | Noticed Agnes
  3829 | D        | Killed Agnes
  3830 | D        | Reached skill level 10 in Shields
  4148 | D        | Noticed a frost giant
  4148 | D        | Noticed a frost giant
  4159 | D        | Noticed a stone giant
  4164 | D        | Reached XP level 14. HP: 129/144 MP: 14/21
  4165 | D        | Killed a frost giant
  4170 | D        | Killed a frost giant
  4175 | D        | Killed a stone giant
  4186 | D        | Noticed a cyan very ugly thing
  4186 | D        | Noticed a stone giant
  4194 | D        | Killed a stone giant
  4202 | D        | Killed a cyan very ugly thing
  4208 | D        | Received a gift from Okawaru
  4213 | D        | Noticed a green very ugly thing
  4223 | D        | Killed a green very ugly thing
  4248 | D        | Noticed a fire giant
  4255 | D        | Killed a fire giant
  4259 | D        | Noticed a vampire knight
  4271 | D        | Killed a vampire knight
  4545 | D        | Noticed a vault warden
  4545 | D        | Noticed an ironbound preserver
  4554 | D        | Killed a vault warden
  4561 | D        | Noticed a vault warden
  4563 | D        | Killed an ironbound preserver
  4573 | D        | Noticed an ironbound preserver
  4587 | D        | Noticed an ironbound preserver
  4595 | D        | Killed a vault warden
  4595 | D        | Killed an ironbound preserver
  4597 | D        | Killed an ironbound preserver
  4672 | D        | Noticed an ironbound thunderhulk
  4674 | D        | Noticed an ironbound preserver
  4679 | D        | Killed an ironbound thunderhulk
  4686 | D        | Noticed an ironbound thunderhulk
  4688 | D        | Killed an ironbound preserver
  4688 | D        | Received a gift from Okawaru
  4708 | D        | Killed an ironbound thunderhulk
  5048 | D        | Noticed a tengu reaver
  5048 | D        | Noticed Sojobo
  5052 | D        | Noticed a tengu reaver
  5059 | D        | Killed a tengu reaver
  5071 | D        | Killed a tengu reaver
  5906 | D        | HP: 1/155 [unnaturally hard rock wall collision (29)]
  7014 | D        | Killed Sojobo
  7015 | D        | Reached XP level 15. HP: 94/162 MP: 19/25
  7118 | D        | Noticed Saint Roka
  7146 | D        | Killed Saint Roka
  7147 | D        | Reached skill level 15 in Invocations
  7312 | D        | Got the +1 double sword "Soatuv" {vamp, +Blink rC+++ Will+
                  | Stlth+}
  7314 | D        | Got the +0 triple sword of the Head {freeze, rElec rC+
                  | Str+4 Stlth-}
  7629 | D        | Got a decaying rune of Zot
  7813 | D        | Noticed a nagaraja
  7815 | D        | Noticed a nagaraja
  7815 | D        | Noticed a nagaraja
  7816 | D        | Killed a nagaraja
  7821 | D        | Killed a nagaraja
  7826 | D        | Killed a nagaraja
  7833 | D        | Noticed a nagaraja
  7837 | D        | Killed a nagaraja
  7837 | D        | Received a gift from Okawaru
  7859 | D        | Got a serpentine rune of Zot
  7954 | D        | Noticed Ilsuiw
  7972 | D        | Killed Ilsuiw
  8009 | D        | Reached skill level 15 in Shields
  8052 | D        | Got a barnacled rune of Zot
  8119 | D        | Noticed an emperor scorpion
  8119 | D        | Noticed an emperor scorpion
  8119 | D        | Noticed an emperor scorpion
  8119 | D        | Noticed an emperor scorpion
  8122 | D        | Killed an emperor scorpion
  8125 | D        | Killed an emperor scorpion
  8126 | D        | Killed an emperor scorpion
  8127 | D        | Noticed an emperor scorpion
  8128 | D        | Killed an emperor scorpion
  8153 | D        | Noticed an emperor scorpion
  8157 | D        | Killed an emperor scorpion
  8175 | D        | Killed an emperor scorpion
  8184 | D        | Got a gossamer rune of Zot
  8316 | D        | Noticed Donald
  8328 | D        | Killed Donald
  8355 | D        | Noticed Jory
  8376 | D        | Killed Jory
  8377 | D        | Reached skill level 1 in Spellcasting
  8620 | D        | Reached XP level 16. HP: 180/180 MP: 19/27
  8667 | D        | Reached skill level 10 in Evocations
  8710 | D        | Received a gift from Okawaru
  8760 | D        | Noticed a shadow dragon
  8760 | D        | Noticed a golden dragon
  8765 | D        | Killed a shadow dragon
  8767 | D        | Killed a golden dragon
  8768 | D        | Reached skill level 27 in Fighting
  8769 | D        | Received a gift from Okawaru
  8770 | D        | Reached skill level 5 in Spellcasting
  8775 | D        | Noticed a shadow dragon
  8781 | D        | Noticed a sphinx
  8789 | D        | Killed a shadow dragon
  8802 | D        | Killed a sphinx
  8805 | D        | Noticed a shadow dragon
  8816 | D        | Killed a shadow dragon
  8865 | D        | Noticed a shadow dragon
  8865 | D        | Noticed a titan
  8865 | D        | Noticed a shadow dragon
  8865 | D        | Noticed a tentacled monstrosity
  8865 | D        | Noticed a shadow dragon
  8871 | D        | Killed a shadow dragon
  8873 | D        | Noticed a quicksilver dragon
  8874 | D        | Killed a tentacled monstrosity
  8874 | D        | Killed a shadow dragon
  8875 | D        | Killed a shadow dragon
  8875 | D        | Received a gift from Okawaru
  8876 | D        | Reached skill level 15 in Dodging
  8877 | D        | Noticed a shadow dragon
  8878 | D        | Killed a titan
  8884 | D        | Killed a quicksilver dragon
  8894 | D        | Killed a shadow dragon
  8907 | D        | Identified the +0 pair of gloves of Ahelobb {rF+ Will+++
                  | SInv}
  8914 | D        | Identified the ring "Sucashott" {rC+ Dex+2}
  8918 | D        | Got the Volume of the Lithosphere
  8920 | D        | Got a silver rune of Zot
  8944 | D        | Noticed Margery
  8951 | D        | Reached skill level 1 in Shapeshifting
  8957 | D        | Noticed a searing wretch
  8963 | D        | Killed Margery
  8977 | D        | Killed a searing wretch
  8978 | D        | Reached skill level 5 in Shapeshifting
  9057 | D        | Noticed Kirke
  9063 | D        | Killed Kirke
  9123 | D        | Got the ring "Camadin" {Str+6 Dex+3}
  9126 | D        | Got the ring "Erok" {^Drain rPois rCorr Str+6 Int-5}
  9129 | D        | Got the amulet of Mydol {Reflect Str+3 Dex+3 SH+5}
  9142 | D        | Got the amulet "Ileox" {Faith rC+ Int-4 Dex+6 Stlth+}
  9144 | D        | Got the amulet "Areasig" {RegenMP Slay+3}
  9164 | D        | Got the +0 hat of Nuuhucvi {Regen+}
  9190 | D        | Got the +3 storm dragon scales of Fanaticism {Rampage rElec
                  | Dex+3}
  9257 | D        | Noticed a golden dragon
  9257 | D        | Noticed a death cob
  9257 | D        | Noticed a golden dragon
  9257 | D        | Noticed a storm dragon
  9257 | D        | Noticed Snorg
  9382 | D        | Killed Snorg
  9383 | D        | Reached XP level 17. HP: 191/191 MP: 22/29
  9407 | D        | Noticed Nikola
  9415 | D        | Noticed Boris
  9423 | D        | Killed Nikola
  9439 | D        | Killed Boris
  9714 | D        | Noticed a juggernaut
  9721 | D        | Killed a juggernaut
  9731 | D        | Reached skill level 10 in Shapeshifting
  9949 | D        | Noticed a tentacled monstrosity
  9955 | D        | Killed a tentacled monstrosity
  9990 | D        | Noticed a tentacled monstrosity
  9994 | D        | Received a gift from Okawaru
  9995 | D        | Reached skill level 27 in Throwing
  9997 | D        | Killed a tentacled monstrosity
 10031 | D        | Noticed a curse toe
 10035 | D        | Killed a curse toe
 10036 | D        | Reached skill level 15 in Shapeshifting
 10051 | D        | Received a gift from Okawaru
 10095 | D        | Killed a golden dragon
 10104 | D        | Killed a golden dragon
 10210 | D        | Noticed an Orb Guardian
 10210 | D        | Noticed an Orb Guardian
 10210 | D        | Noticed an Orb Guardian
 10210 | D        | Noticed an Orb Guardian
 10210 | D        | Noticed an Orb Guardian
 10210 | D        | Noticed an Orb Guardian
 10214 | D        | Killed an Orb Guardian
 10214 | D        | Killed an Orb Guardian
 10214 | D        | Killed an Orb Guardian
 10214 | D        | Received a gift from Okawaru
 10215 | D        | Reached XP level 18. HP: 200/200 MP: 24/30
 10215 | D        | Killed an Orb Guardian
 10215 | D        | Noticed an Orb Guardian
 10216 | D        | Killed an Orb Guardian
 10217 | D        | Noticed an Orb Guardian
 10217 | D        | Noticed an Orb Guardian
 10220 | D        | Killed an Orb Guardian
 10224 | D        | Noticed an Orb Guardian
 10232 | D        | Killed an Orb Guardian
 10235 | D        | Killed an Orb Guardian
 10243 | D        | Killed an Orb Guardian
 10244 | D        | Reached skill level 27 in Armour
 10247 | D        | Killed an Orb Guardian
 10263 | D        | Noticed an Orb Guardian
 10263 | D        | Noticed an Orb Guardian
 10263 | D        | Noticed a tentacled monstrosity
 10280 | D        | Killed an Orb Guardian
 10288 | D        | Killed a tentacled monstrosity
 10292 | D        | Killed an Orb Guardian
 10295 | D        | Noticed an Orb Guardian
 10302 | D        | Killed an Orb Guardian
 10303 | D        | Noticed an Orb Guardian
 10310 | D        | Killed an Orb Guardian
 10315 | D        | Noticed an ancient lich
 10324 | D        | Killed an ancient lich
 10324 | D        | Received a gift from Okawaru
 10330 | D        | Noticed an orb of fire
 10346 | D        | Gained mutation: You occasionally lose the ability to read
                  | scrolls when taking damage. [an orb of fire]
 10351 | D        | Killed an orb of fire
 10357 | D        | Learned a level 3 spell: Swiftness
 10358 | D        | Noticed an electric golem
 10363 | D        | Killed an electric golem
 10365 | D        | Noticed an orb of fire
 10365 | D        | Noticed an electric golem
 10365 | D        | Noticed an orb of fire
 10365 | D        | Noticed an Orb Guardian
 10368 | D        | Noticed an orb of fire
 10372 | D        | Killed an orb of fire
 10377 | D        | Gained mutation: You are frail. (-10% HP) [an orb of fire]
 10381 | D        | Killed an orb of fire
 10382 | D        | Reached skill level 27 in Ranged Weapons
 10383 | D        | Killed an orb of fire
 10384 | D        | Reached skill level 1 in Air Magic
 10384 | D        | Noticed an Orb Guardian
 10385 | D        | Killed an Orb Guardian
 10389 | D        | Reached ****** piety under Okawaru
 10390 | D        | Acquired the +3 kite shield of the Hidden Vale {+Inv rC+
                  | Dex+3}
 10390 | D        | Received a gift from Okawaru
 10390 | D        | Noticed a curse toe
 10397 | D        | Killed an Orb Guardian
 10397 | D        | Received a gift from Okawaru
 10398 | D        | Acquired the +7 hand cannon "Mule" {flame, backblast, rF+}
 10398 | D        | Received a gift from Okawaru
 10398 | D        | Found the +7 hand cannon "Mule" {flame, backblast, rF+}
 10403 | D        | Killed an electric golem
 10407 | D        | Killed a curse toe
 10410 | D        | Noticed an Orb Guardian
 10414 | D        | Killed an Orb Guardian
 10416 | D        | Noticed a tentacled monstrosity
 10424 | D        | Killed a tentacled monstrosity
 10427 | D        | Noticed an ancient lich
 10440 | D        | Killed an ancient lich
 10460 | D        | Noticed an orb of fire
 10486 | D        | Killed an orb of fire
 10487 | D        | Reached skill level 5 in Air Magic
 10640 | D        | Noticed an Orb Guardian
 10640 | D        | Noticed an Orb Guardian
 10640 | D        | Noticed an Orb Guardian
 10640 | D        | Noticed an Orb Guardian
 10640 | D        | Noticed an Orb Guardian
 10640 | D        | Noticed an Orb Guardian
 10641 | D        | Killed an Orb Guardian
 10641 | D        | Killed an Orb Guardian
 10641 | D        | Killed an Orb Guardian
 10645 | D        | Killed an Orb Guardian
 10646 | D        | Noticed an Orb Guardian
 10650 | D        | Killed an Orb Guardian
 10651 | D        | Noticed an Orb Guardian
 10656 | D        | Killed an Orb Guardian
 10656 | D        | Received a gift from Okawaru
 10664 | D        | Killed an Orb Guardian
 10665 | D        | Reached XP level 19. HP: 186/186 MP: 24/32
 10801 | D        | Noticed an ancient lich
 10801 | D        | Noticed an ancient lich
 10804 | D        | Reached skill level 27 in Shields
 10806 | D        | Killed an ancient lich
 10807 | D        | Reached skill level 15 in Evocations
 10807 | D        | Killed an ancient lich
 10808 | D        | Reached skill level 10 in Spellcasting
 10815 | D        | Received a gift from Okawaru
 10832 | D        | Noticed an ancient lich
 10843 | D        | Killed an ancient lich
 10943 | D        | Received a gift from Okawaru
 10946 | D        | Got an elven rune of Zot
 10963 | D        | Noticed the Royal Jelly
 10995 | D        | Killed the Royal Jelly
 10996 | D        | Reached skill level 10 in Air Magic
 11066 | D        | Reached skill level 10 in Stealth
 11077 | D        | Got a slimy rune of Zot
 11199 | D        | Received a gift from Okawaru
 11236 | D        | Reached XP level 20. HP: 192/194 MP: 35/35
 11537 | D        | Noticed a royal mummy
 11537 | D        | Noticed a royal mummy
 11537 | D        | Noticed a royal mummy
 11537 | D        | Noticed a royal mummy
 11539 | D        | Received a gift from Okawaru
 11543 | D        | Killed a royal mummy
 11543 | D        | Killed a royal mummy
 11544 | D        | Killed a royal mummy
 11547 | D        | Killed a royal mummy
 11548 | D        | Reached skill level 27 in Invocations
 11694 | D        | Noticed a royal mummy
 11702 | D        | Killed a royal mummy
 11842 | D        | Noticed a royal mummy
 11852 | D        | Killed a royal mummy
 11865 | D        | Got a golden rune of Zot
 11911 | D        | Got an abyssal rune of Zot
 12047 | D        | Noticed Geryon
 12059 | D        | Killed Geryon
 12062 | D        | Found the +6 sword of Cerebov {flame}
 12062 | D        | Noticed Cerebov
 12062 | D        | Noticed Mnoleg
 12063 | D        | Noticed Ereshkigal
 12069 | D        | Killed Mnoleg
 12071 | D        | Noticed Antaeus
 12077 | D        | Killed Cerebov
 12077 | D        | Received a gift from Okawaru
 12090 | D        | Killed Ereshkigal
 12117 | D        | Noticed Gloorx Vloq
 12125 | D        | Killed Antaeus
 12142 | D        | HP: 1/177 [poisoned by Gloorx Vloq (dark miasma)]
 12142 | D        | Slain by an Executioner

Illustrated notes

Levels and vault maps discovered:
D:        linesprint [early_d, line_temple, items_1, d_10, items_2, lair_1,
          lair_end, items_3, orc_1, orc_end, items_4, d_15, swamp_1, shoals_1,
          snake_1, spider_1, d_20, vaults_1, items_5, swamp_end, shoals_end,
          snake_end, spider_end, vaults_end, d_27, items_6, zot_1, zot_end,
          crypt_end, forest_end, elf_end, slime_end, tomb_end, abyss_end,
          pan_hell_end]

Skill      XL: |  1  2  3  4  5  6  7  8  9 10 11 12 13 14 15 16 17 18 19 20 |
---------------+-------------------------------------------------------------+-----
Fighting       | 4 10 12 14 18 22 26 27 | 27.0
Armour         | 4 10 11 13 14 15 17 18 24 27 | 27.0
Shields        | 4 5 7 8 10 11 16 17 26 27 | 27.0
Long Blades    | 10 14 15 16 17 18 20 21 24 | 24.9
Dodging        | 10 11 15 18 21 25 | 25.6
Stealth        | 2 5 6 7 10 13 | 13.0
Evocations     | 1 8 9 12 14 18 20 | 20.0
Invocations    | 8 9 11 14 17 19 21 25 27 | 27.0
Throwing       | 11 14 15 17 18 22 27 | 27.0
Ranged Weapons | 14 18 21 22 24 27 | 27.0
Spellcasting   | 1 6 9 12 14 | 14.3
Shapeshifting  | 6 16 17 20 | 20.7
Air Magic      | 6 11 13 | 13.2

Action                     |  1- 3 |  4- 6 |  7- 9 | 10-12 | 13-15 | 16-18 | 19-21 || total
---------------------------+-------+-------+-------+-------+-------+-------+-------++-------
  Melee: Long sword        |    19 |     9 |       |       |       |       |       ||    28
         Headbutt          |     3 |     6 |    12 |    97 |    43 |    21 |     5 ||   187
         Scimitar          |       |    20 |    47 |   354 |    99 |       |       ||   520
         Double sword      |       |       |       |       |    44 |    61 |    13 ||   118
         Falchion          |       |       |       |       |    29 |       |       ||    29
   Fire: Greatsling        |       |       |       |    46 |   525 |   501 |   147 ||  1219
         Hand cannon       |       |       |       |       |     5 |    28 |   195 ||   228
  Throw: Boomerang         |       |       |       |     9 |    37 |     3 |       ||    49
         Dart              |       |       |       |     6 |     1 |       |       ||     7
         Javelin           |       |       |       |       |    30 |    76 |    46 ||   152
         Throwing net      |       |       |       |       |     1 |       |       ||     1
   Cast: Swiftness         |       |       |       |       |       |     2 |     2 ||     4
 Invoke: Heroism           |       |       |     1 |    12 |    23 |    10 |     1 ||    47
         Finesse           |       |       |     1 |     8 |    21 |    11 |    10 ||    51
         Receive Weapon    |       |       |       |       |       |     1 |       ||     1
         Receive Armour    |       |       |       |       |       |     1 |       ||     1
Ability: Evoke Invisibilit |       |       |       |       |       |       |     2 ||     2
  Evoke: Wand              |       |     2 |     3 |     4 |     1 |       |       ||    10
    Use: Potion            |     1 |     2 |     3 |     8 |     5 |       |    11 ||    30
         Scroll            |       |       |       |     6 |     4 |     3 |     3 ||    16
   Stab: Invisible         |       |     4 |     4 |     7 |       |       |       ||    15
         Sleeping          |       |       |       |       |       |     2 |     1 ||     3
 Armour: Scale mail        |     7 |    12 |       |       |       |       |       ||    19
         Chain mail        |       |     8 |    38 |   120 |       |       |       ||   166
         Plate armour      |       |       |       |    26 |   215 |    10 |       ||   251
         Storm dragon scal |       |       |       |       |       |    44 |    40 ||    84
  Dodge: Dodged            |     8 |     3 |    23 |   105 |   125 |    37 |    46 ||   347
  Block: Buckler           |     3 |     4 |     8 |    50 |    59 |       |       ||   124
         Tower shield      |       |       |       |       |   115 |   102 |       ||   217
         Reflection        |       |       |       |       |       |     1 |     4 ||     5
         Kite shield       |       |       |       |       |       |    12 |    61 ||    73
